 Dungeon Crawl Stone Soup version 0.25-a0-523-g9afb2ee040 (webtiles) character file.

Game seed: 4981910881861129959, levelgen mode: classic

1437 EnegeticOcto the Chopper (level 8, 38/76 HPs)
             Began as a Deep Dwarf Fighter on Feb 18, 2020.
             Quit the game on level 6 of the Dungeon.
             The game lasted 00:02:35 (4027 turns).

EnegeticOcto the Chopper (Deep Dwarf Fighter)       Turns: 4027, Time: 00:02:35

Health: 38/76      AC: 15    Str: 22    XL:     8   Next: 45%
Magic:  6/6        EV:  6    Int:  9    God:
Gold:   281        SH: 10    Dex: 12    Spells: 7/7 levels left

rFire    . . .     SeeInvis .   a - +0 war axe
rCold    . . .     Gourm    .   c - +0 kite shield
rNeg     . . .     Faith    .   q - +0 plate armour
rPois    .         Spirit   .   h - +1 helmet
rElec    .         Reflect  .   C - +0 cloak
rCorr    .         Harm     .   (no gloves)
MR       +....                  (no boots)
Stlth    ..........             (no amulet)
HPRegen  0.00/turn              (no ring)
MPRegen  0.10/turn              (no ring)

@: non-regenerating
A: damage resistance, heal wounds, sense surroundings 1, no regeneration
a: Heal Wounds


You were on level 6 of the Dungeon.
You were not hungry.

You visited 1 branch of the dungeon, and saw 6 of its levels.

You collected 281 gold pieces.

Inventory:

Hand Weapons
 a - a +0 war axe (weapon)
Armour
 b - a +0 scale mail
 c - a +0 kite shield (worn)
 h - a +1 helmet (worn)
 q - a +0 plate armour (worn)
 C - a +0 cloak (worn)
Wands
 f - a wand of flame (12)
 v - a wand of digging (5) {@V2}
 y - a wand of iceblast (8)
 z - a wand of acid (6) {@V1}
 A - a wand of paralysis (9)
Scrolls
 d - 6 scrolls of identify {@r1}
 i - 3 scrolls of magic mapping {@r5}
 m - 5 scrolls of remove curse {@r6}
 o - 2 scrolls of random uselessness
 r - a scroll of noise
 s - 4 scrolls of teleportation {@r2}
 t - a scroll of enchant armour
Potions
 g - a potion of invisibility
 j - a potion of stabbing {@q5}
 k - 2 potions of might {@q3}
 l - a potion of heal wounds {@q2}
 n - a potion of lignification {@q7}
 p - a potion of cancellation
 u - a potion of curing {@q1}
 x - 3 potions of berserk rage
 B - a potion of flight
Comestibles
 e - 9 rations
 w - 6 chunks of flesh


   Skills:
 * Level 5.7 Fighting
 * Level 6.4 Axes
 + Level 5.4 Armour
 + Level 4.0 Dodging
 + Level 5.5 Shields


You had 7 spell levels left.
You didn't know any spells.
Your spell library was empty.

Dungeon Overview and Level Annotations

Branches:
Dungeon (6/15)
 Temple: D:4-7

Altars:
Dithmenos
Fedhas
Trog

Annotations:
D:5 2 transporters, SamuraiZach's ghost, novice TrBe


Innate Abilities, Weirdness & Mutations

You are resistant to damage.
You can heal yourself by infusing magical energy.
You passively map a small area around you.
You do not regenerate.


Message History

* * * LOW HITPOINT WARNING * * *
The orc priest looks braver for a moment.
You are too injured to fight recklessly!
You are too injured to fight recklessly!
You are too injured to fight recklessly!
You are too injured to fight recklessly!
You are too injured to fight recklessly!
You are too injured to fight recklessly!
You are too injured to fight recklessly!
You feel much better. The hound bites you but does no damage.
You block the hound's attack. The orc warrior closely misses you.
The orc priest hits you but does no damage.
You slash the orc priest!
You kill the orc priest!
You slash the orc warrior!
You kill the orc warrior!
You closely miss the hound. You block the hound's attack.
The hound barely misses you.
You closely miss the hound.
The hound bites you but does no damage. x2
You slash the hound!
The hound is heavily wounded.
The hound bites you but does no damage.
You slash the hound!
You kill the hound!
No target in view!
No target in view!
No target in view!
No target in view!
No target in view!
No target in view!
No target in view!
No target in view!
Things that are here:
a +0 trident; a +0 chain mail; an orc corpse You butcher the orc corpse.
w - 5 chunks of flesh (gained 2)
Things that are here:
a +0 trident; a +0 chain mail; an orc skeleton
Things that are here:
a +0 trident; a +0 chain mail; an orc skeleton You butcher the hound corpse.
w - 6 chunks of flesh (gained 1)
You see here a hound skeleton. x2
Things that are here:
a +0 trident; a +0 chain mail; an orc skeleton
Found a dagger.
Things that are here:
a cursed -2 dagger; a cursed +0 scale mail You now have 281 gold pieces (gained 4).
You see here a dagger.
A sky beast comes into view.
A sky beast is nearby!
A sky beast is nearby!
A sky beast is nearby!
A sky beast is nearby!
A sky beast is nearby!
A sky beast is nearby!
A sky beast is nearby!
A sky beast is nearby!
A sky beast is nearby!
A sky beast is nearby!
You slash the sky beast!
The sky beast is heavily wounded.
You block the sky beast's attack. x2
You slash the sky beast!
The sky beast is almost dead.
You block the sky beast's attack.
You closely miss the sky beast.
The sky beast is almost dead.
The sky beast flickers out of sight!
Deactivating autopickup; reactivate with Ctrl-A.
Something hits you but does no damage.
No target in view!
No target in view!
No target in view!
No target in view!
No target in view!
No target in view!
No target in view!
There is a strange disturbance nearby!
There is a strange disturbance nearby!
There is a strange disturbance nearby!
There is a strange disturbance nearby!
No target in view!
Your plate armour prevents you from hitting something.
Something hits you but does no damage. x2
You slash something!
Reactivating autopickup.
Your Dodging skill increases to level 4!
You feel a bit more experienced.
You see here a sky beast corpse.
Found a scroll of identify.
Search for what [Enter for "."]? mak Can't find anything matching that.
d - 6 scrolls of identify {@r1} (gained 1)
A phantom comes into view.
A phantom is nearby!
A phantom is nearby!
A phantom is nearby!
Are you sure you want to abandon this character and quit the game? (Confirm with "yes".)

########.................
#.............######..#..
#.######.###### #.....
#.# #.# #.###. #.# #.#
#.# ## #.# #.# #**#.# #
#.# #.# #.*#.#### #.# #.#
#.##..... #.#
#@#******#........ #.#
#.W......,....#... #.#
#########*.##.#.## #.#
*,#...... #.# *,##.####
#.# *,#..#*,, #.#
###'###,, #.# #.....#,,
#†# #.≈.≈.#,,


You could see a phantom.

Vanquished Creatures
  An orc warrior (D:6)
  2 sky beasts (D:6)
  A necrophage (D:5)
  2 centaurs
  2 ogres (D:5)
  2 scorpions (D:4)
  A howler monkey (D:5)
  2 crimson imps
  Crazy Yiuf (D:5)
  A hound (D:6)
  3 orc priests
  An orc wizard (D:6)
  An iguana (D:4)
  4 worker ants
  A hound skeleton (D:4)
  A hound zombie (D:5)
  2 worker ant zombies
  8 adders
  2 oozes
  2 worms (D:2)
  2 leopard geckos
  22 orcs
  A ball python (D:3)
  6 bats
  2 giant cockroaches
  8 goblins
  8 hobgoblins
  6 jackals
  4 kobolds
  2 quokkas (D:4)
  4 frilled lizards
  A leopard gecko zombie (D:5)
  4 rats (D:3)
110 creatures vanquished.

Notes
Turn   | Place    | Note
-------+----------+-------------------------------------------
     0 | D:1      | EnegeticOcto the Deep Dwarf Fighter began the quest for the
                  | Orb.
     0 | D:1      | Reached XP level 1. HP: 20/20 MP: 1/1
   169 | D:1      | Reached XP level 2. HP: 27/27 MP: 2/2
   482 | D:2      | Reached XP level 3. HP: 31/34 MP: 3/3
   492 | D:2      | Reached skill level 1 in Dodging
   529 | D:2      | Found a blossoming altar of Fedhas.
   543 | D:2      | Reached skill level 3 in Axes
   703 | D:3      | Reached XP level 4. HP: 25/42 MP: 4/4
  1507 | D:4      | Reached XP level 5. HP: 36/50 MP: 5/5
  1704 | D:4      | Reached skill level 4 in Axes
  1920 | D:4      | Reached XP level 6. HP: 56/57 MP: 6/6
  2251 | D:4      | Found a shadowy altar of Dithmenos.
  2720 | D:5      | Entered Level 5 of the Dungeon
  2745 | D:5      | Reached XP level 7. HP: 27/65 MP: 7/7
  2748 | D:5      | Reached skill level 5 in Axes
  2802 | D:5      | Found a transporter.
  2805 | D:5      | Found a transporter.
  2805 | D:5      | Noticed SamuraiZach's ghost (novice TrBe)
  2938 | D:5      | Reached skill level 5 in Fighting
  3000 | D:5      | Found a runed translucent door.
  3001 | D:5      | Noticed Crazy Yiuf
  3099 | D:5      | Reached skill level 5 in Shields
  3601 | D:5      | Paralysed by Crazy Yiuf for 2 turns
  3610 | D:5      | Killed Crazy Yiuf
  3759 | D:6      | Reached skill level 5 in Armour
  3759 | D:6      | Reached XP level 8. HP: 48/74 MP: 7/7
  3807 | D:6      | Reached skill level 6 in Axes
  3933 | D:6      | Found a bloodstained altar of Trog.
  4027 | D:6      | Quit the game

Levels and vault maps discovered:
D:1:      evilmike_arrival_crescent, layout_basic
D:2:      layout_rooms, old_standard_altar, uniq_natasha, uniq_sigmund
D:3:      layout_loops_corners
D:4:      layout_layer_cave, small_statue_alley_b,
          nicolae_dithmenos_through_a_glass_darkly
D:5:      layout_basic, gammafunk_ghost_arena, first_ration,
          uniq_crazy_yiuf_cottage
D:6:      layout_basic, kennysheep_little_box

Skill      XL: |  1  2  3  4  5  6  7  8 |
---------------+-------------------------+-----
Fighting       | 3 4 5 |  5.7
Dodging        | 1 2 3 4 |  4.0
Axes           | 3 4 5 6 |  6.4
Shields        | 4 5 |  5.5
Armour         | 4 5 |  5.4

Action                   |  1- 3 |  4- 6 |  7- 9 || total
-------------------------+-------+-------+-------++-------
Melee: War axe           |   106 |   225 |   203 ||   534
       Unarmed           |       |       |     2 ||     2
 Abil: Heal Wounds       |       |     3 |    11 ||    14
  Use: Scroll            |       |       |    16 ||    16
  Eat: Chunk             |       |     6 |     5 ||    11
Armor: Scale mail        |    46 |       |       ||    46
       Plate armour      |    19 |   148 |   103 ||   270
Dodge: Dodged            |    32 |    47 |    53 ||   132
Block: Kite shield       |    62 |   150 |   102 ||   314

Table legend:
 A = Non-vault XP
 B = Vault XP
 C = Vault XP percentage of total XP
 D = Non-vault monster count
 E = Vault monster count
 F = Vault count percentage of total count
                 A         B        C        D         E       F
            +---------+---------+-------+---------+---------+-------
      Total |    2012 |      42 |   2.0 |     109 |       1 |   0.9
            +---------+---------+-------+---------+---------+-------
        D:1 |      21 |       0 |   0.0 |      11 |       0 |   0.0
        D:2 |      64 |       0 |   0.0 |      16 |       0 |   0.0
        D:3 |      70 |       0 |   0.0 |      19 |       0 |   0.0
        D:4 |     517 |       0 |   0.0 |      30 |       0 |   0.0
        D:5 |     582 |      42 |   6.7 |      16 |       1 |   5.9
        D:6 |     758 |       0 |   0.0 |      17 |       0 |   0.0
            +---------+---------+-------+---------+---------+-------
